 Dungeon Crawl Stone Soup version 0.24-a0-516-g9de272bb65 (webtiles) character file.

Game seed: 16194864564529142923

11027 nikopol the Thaumaturge (level 11, -4/55 HPs)
             Began as a Deep Elf Fire Elementalist on July 21, 2019.
             Was a Believer of Vehumet.
             Killed from afar by a rime drake (16 damage)
             ... with a flash freeze
             ... on level 2 of the Lair of Beasts.
             The game lasted 00:26:33 (11012 turns).

nikopol the Thaumaturge (DEFE)                     Turns: 11012, Time: 00:26:33

Health: -4/55      AC:  6    Str:  5    XL:     11   Next: 43%
Magic:  21/45      EV: 16    Int: 24    God:    Vehumet [**....]
Gold:   448        SH:  0    Dex: 15    Spells: 18/36 levels left

rFire    . . .     SeeInvis .   w - staff of power
rCold    . . .     Gourm    .   (no shield)
rNeg     . . .     Faith    .   a - +0 robe
rPois    .         Spirit   .   s - +2 helmet
rElec    .         Reflect  .   (no cloak)
rCorr    .         Harm     .   t - +0 pair of gloves
MR       +....                  (no boots)
Stlth    +++.......             (no amulet)
HPRegen  0.18/turn              (no ring)
MPRegen  0.29/turn              (no ring)

@: marked
A: no striking features
a: Renounce Religion


You were on level 2 of the Lair of Beasts.
You worshipped Vehumet.
Vehumet was pleased with you.
You were not hungry.

You visited 3 branches of the dungeon, and saw 13 of its levels.

You collected 448 gold pieces.

Inventory:

Armour
 a - a +0 robe (worn)
 s - a +2 helmet (worn)
 t - a +0 pair of gloves (worn)
Magical Staves
 w - an uncursed staff of power (weapon)
Jewellery
 x - a +3 ring of intelligence {unknown}
 y - the ring "Zourecs" {Int+2 Dex+2 SInv, unknown}
   (You found it on level 2 of the Lair of Beasts)

   [ring of see invisible]

   It affects your intelligence (+2).
   It affects your dexterity (+2).
   It lets you see invisible.
Wands
 q - a wand of flame (7)
 z - a wand of clouds (2)
Scrolls
 b - 19 scrolls of identify
 f - 2 scrolls of amnesia {unknown}
 h - 2 scrolls of blinking {unknown}
 i - a scroll of immolation {unknown}
 j - 4 scrolls of teleportation {unknown}
 k - 2 scrolls of fear {unknown}
 l - 5 scrolls of remove curse {unknown}
 p - a scroll of magic mapping {unknown}
 r - a scroll of noise {unknown}
 v - a scroll of random uselessness {unknown}
 A - 3 scrolls of fog {unknown}
Potions
 d - a potion of berserk rage {unknown}
 e - 2 potions of lignification {unknown}
 g - a potion of degeneration {unknown}
 m - 2 potions of heal wounds {unknown}
 n - 3 potions of flight {unknown}
 o - 4 potions of curing {unknown}
 u - 3 potions of brilliance {unknown}
Comestibles
 c - 19 rations
 B - 3 chunks of flesh


   Skills:
 + Level 0.8 Fighting
 + Level 6.2 Dodging
 + Level 5.2 Stealth
 + Level 0.1 Unarmed Combat
 + Level 13.3 Spellcasting
 + Level 10.8 Conjurations
 + Level 10.9 Fire Magic


You had 18 spell levels left.
You knew the following spells:

 Your Spells              Type           Power        Failure   Level  Hunger
a - Flame Tongue          Conj/Fire      #####        1%          1    None
b - Throw Flame           Conj/Fire      ######       1%          2    None
c - Conjure Flame         Conj/Fire      ######..     1%          3    None
d - Sticky Flame          Conj/Fire      ######..     1%          4    None
e - Fireball              Conj/Fire      ######....   1%          5    ###....
f - Stone Arrow           Conj/Erth      #####.       1%          3    None

Your spell library contained the following spells:

 Spells                   Type           Power        Failure   Level  Hunger
 Magic Dart               Conj           ####         1%          1    None
 Inner Flame              Hex/Fire       #####...     1%          3    None
 Animate Skeleton         Necr           N/A          3%          1    None
 Apportation              Tloc           ###...       3%          1    None
 Confusing Touch          Hex            ###...       3%          1    None
 Sandblast                Erth           ###...       3%          1    None
 Summon Small Mammal      Summ           ###.         3%          1    None
 Bolt of Magma            Conj/Fire/Erth ######....   5%          5    ###....
 Call Imp                 Summ           ###.....     6%          2    None
 Passwall                 Tmut/Erth      ###.....     6%          2    None
 Call Canine Familiar     Summ           ###.....     12%         3    None
 Summon Guardian Golem    Hex/Summ       ###.....     12%         3    None
 Leda's Liquefaction      Hex/Erth       ###.......   36%         4    None
 Petrify                  Tmut/Erth      ###.....     36%         4    None
 Summon Ice Beast         Ice/Summ       ###.....     36%         4    None
 Summon Lightning Spire   Summ/Air       ###.....     36%         4    None
 Iron Shot                Conj/Erth      #####.....   54%         6    #####..
 Lee's Rapid Deconstruct  Erth           ###.......   71%         5    ###....
 Statue Form              Tmut/Erth      ###......    99%         6    #####..
 Shatter                  Erth           ###.......   100%        9    #######


Dungeon Overview and Level Annotations

Branches:
Dungeon (10/15)            Temple (1/1) D:4            Lair (2/6) D:8
  Swamp: Lair:2-4    Shoals: Lair:2-4     Snake: Lair:2-4    Spider: Lair:2-4
    Orc: D:9-12

Altars:
Ashenzari
Cheibriados
Dithmenos
Elyvilon
Fedhas
Gozag
Hepliaklqana
Makhleb
Nemelex Xobeh
Okawaru
Qazlal
Ru
Sif Muna
Trog
Uskayaw
Vehumet
Wu Jian
Xom
Yredelemnul
Zin
The Shining One


Message History

Press: ? - help, Shift-Dir - straight line, f/p - black mamba
Aim: a black mamba (moderately wounded, covered in liquid flames)
The flame tongue hits the black mamba.
The black mamba is moderately wounded.
The black mamba burns!
The black mamba bites you!
* * * LOW HITPOINT WARNING * * *
The black mamba burns!
The black mamba bites you but does no damage.
Casting: Flame Tongue (safe; 1% risk of failure)
Confirm with . or Enter, or press ? or * to list all spells.
Aiming: Fireball (safe; 1% risk of failure)
Press: ? - help, Shift-Dir - straight line, p - black mamba The fireball explodes!
The fireball engulfs the rime drake!!
The rime drake is severely wounded.
The fireball engulfs the black mamba!!
You kill the black mamba!
Vehumet accepts your kill. The rime drake breathes ice at you.
The flash freeze hits you!
You die...

#.........................
##........................
#...............(........
.###
#......P...###.#..####P##
....##.......P...#######
### ...............##
#.##....(.#...>P##
##............#
##.....k†@....#
#P.....###....# ##.†.$##
##..# #.....# .# ##.....
.. #...S## .8 #...... #
#P...k# ##.!...


You could see a rime drake.

Vanquished Creatures
  2 two-headed ogres
  Urug (Lair:2)
  5 spiny frogs
  A black mamba (Lair:2)
  A komodo dragon (D:8)
  A troll (D:5)
  A polar bear (Lair:2)
  3 hippogriffs
  A spriggan (D:7)
  10 yaks
  A hungry ghost (D:7)
  2 humans (D:7)
  A basilisk (D:8)
  Menkaure (D:5)
  A steam dragon (D:8)
  An acid dragon (D:8)
  2 water moccasins
  2 porcupines (Lair:1)
  An orc warrior (D:8)
  3 ice beasts
  2 sky beasts (D:7)
  A black bear (Lair:1)
  A phantom (D:8)
  6 wolves (Lair:2)
  A centaur (D:7)
  4 crocodiles
  A big kobold (D:8)
  4 bullfrogs
  A scorpion (D:7)
  4 killer bees (D:8)
  An electric eel (Lair:2)
  5 hounds
  3 jellies
  9 orc wizards
  4 orc priests
  A bullfrog skeleton (D:7)
  3 iguanas
  6 worker ants
  A hound zombie (D:5)
  Robin (D:4)
  2 hound skeletons
  A howler monkey zombie (D:10)
  11 adders
  2 shadow imps
  2 oozes
  3 worms
  A dart slug (D:1)
  4 leopard geckos
  16 orcs
  6 giant cockroaches
  10 goblins
  9 hobgoblins
  11 jackals
  14 kobolds
  2 quokkas
  2 ball pythons
  2 bats
  6 frilled lizards
  A giant cockroach zombie (D:6)
  9 rats
214 creatures vanquished.

Notes
Turn   | Place    | Note
-------+----------+-------------------------------------------
     0 | D:1      | nikopol the Deep Elf Fire Elementalist began the quest for
                  | the Orb.
     0 | D:1      | Reached XP level 1. HP: 10/10 MP: 6/6
   182 | D:1      | Reached XP level 2. HP: 11/15 MP: 4/8
   952 | D:2      | Reached XP level 3. HP: 19/19 MP: 5/9
  1133 | D:2      | Learned a level 2 spell: Throw Flame
  1137 | D:2      | Learned a level 3 spell: Conjure Flame
  1290 | D:2      | Found a shattered altar of Ashenzari.
  1874 | D:3      | Reached XP level 4. HP: 22/24 MP: 6/11
  1876 | D:3      | Reached skill level 4 in Spellcasting
  2265 | D:3      | Found a sparkling altar of Nemelex Xobeh.
  2708 | D:4      | Reached XP level 5. HP: 28/28 MP: 11/13
  2860 | D:4      | Reached skill level 5 in Fire Magic
  3251 | D:4      | Reached skill level 5 in Spellcasting
  3251 | D:4      | Reached XP level 6. HP: 31/32 MP: 6/15
  3327 | D:4      | Noticed Robin
  3388 | D:4      | Killed Robin
  3641 | D:4      | Found a staircase to the Ecumenical Temple.
  3650 | Temple   | Entered the Ecumenical Temple
  4037 | D:5      | Entered Level 5 of the Dungeon
  4148 | D:5      | Learned a level 5 spell: Fireball
  4153 | D:5      | Learned a level 4 spell: Sticky Flame
  4225 | D:5      | Noticed Menkaure
  4232 | D:5      | Killed Menkaure
  4232 | D:5      | Reached XP level 7. HP: 12/36 MP: 11/17
  4382 | D:5      | Noticed a troll
  4409 | D:5      | Killed a troll
  4409 | D:5      | Reached skill level 6 in Spellcasting
  5185 | D:5      | Found a hide-covered altar of Uskayaw.
  5247 | D:6      | Reached skill level 7 in Spellcasting
  5723 | D:6      | Reached XP level 8. HP: 41/41 MP: 13/20
  5877 | D:6      | Found a radiant altar of Vehumet.
  5880 | D:6      | Became a worshipper of Vehumet
  6111 | D:7      | Reached skill level 5 in Conjurations
  6287 | D:7      | Noticed a hippogriff
  6292 | D:7      | Reached skill level 8 in Spellcasting
  6297 | D:7      | Killed a hippogriff
  6483 | D:7      | Found an iron altar of Okawaru.
  6497 | D:7      | Reached skill level 5 in Dodging
  6506 | D:7      | Reached skill level 9 in Spellcasting
  6609 | D:7      | Reached XP level 9. HP: 46/46 MP: 24/24
  6844 | D:7      | Found a stormy altar of Qazlal.
  6844 | D:7      | Found a white marble altar of Elyvilon.
  6845 | D:7      | Found a bloodstained altar of Trog.
  7320 | D:8      | Reached * piety under Vehumet
  7320 | D:8      | Offered knowledge of Shock by Vehumet.
  7440 | D:8      | Reached skill level 10 in Spellcasting
  7770 | D:8      | Learned a level 3 spell: Stone Arrow
  7959 | D:8      | Found a blossoming altar of Fedhas.
  7997 | D:8      | You fall into a shaft and drop 2 floors!
  7997 | D:10     | Entered Level 10 of the Dungeon
  8028 | D:10     | Reached XP level 10. HP: 42/51 MP: 23/26
  8029 | D:10     | Reached skill level 11 in Spellcasting
  8088 | D:9      | Noticed a two-headed ogre
  8092 | D:9      | Killed a two-headed ogre
  8191 | D:8      | Noticed a two-headed ogre
  8196 | D:8      | Killed a two-headed ogre
  8272 | D:8      | Found a glowing golden altar of the Shining One.
  8389 | D:8      | Reached skill level 5 in Stealth
  8454 | D:8      | Reached skill level 10 in Fire Magic
  8466 | D:8      | Offered knowledge of Magic Dart by Vehumet.
  8466 | D:8      | Reached skill level 12 in Spellcasting
  8545 | D:8      | Reached ** piety under Vehumet
  8666 | D:8      | Found a staircase to the Lair.
  9197 | Lair:1   | Entered Level 1 of the Lair of Beasts
  9253 | Lair:1   | Noticed a spiny frog
  9260 | Lair:1   | Killed a spiny frog
  9264 | Lair:1   | Noticed a spiny frog
  9274 | Lair:1   | Killed a spiny frog
  9647 | Lair:1   | Reached skill level 10 in Conjurations
  9647 | Lair:1   | Reached XP level 11. HP: 55/55 MP: 29/29
 10386 | Lair:2   | Got a heavily runed silver ring
 10465 | Lair:2   | Noticed Urug
 10642 | Lair:2   | Killed Urug
 10825 | Lair:2   | Reached skill level 13 in Spellcasting
 11012 | Lair:2   | Killed from afar by a rime drake

Levels and vault maps discovered:
D:1:      lightli_arrival_noodles, layout_basic, st_stairs_10
D:2:      layout_basic, evilmike_ruin_ashenzari
D:3:      layout_loops_ring, lemuel_round_altar
D:4:      layout_loops_ring, minmay_temple_entry_arrows, first_ration,
          uniq_robin
D:5:      layout_cave_pods, marbit_many_paths, uniq_menkaure
D:6:      layout_cave_pods, kennysheep_mini_moat, kennysheep_generic_room_5
D:7:      layout_basic, gammafunk_temple_overflow_claw, minmay_splitting_lines,
          the_bakery, okawaru_humans
D:8:      layout_basic, fedhas_altar_1, nicolae_overflow_crystal_walls,
          erik_lair_dragon
D:9:      gammafunk_sealed_arena, layout_long_grid, kennysheep_vampire_church,
          david_orc_5, minmay_three_doors
D:10:     minmay_opposing_rooms, layout_loops_corners, serial_rivers,
          chequers_serial_rivers_large_a, chequers_serial_rivers_micro_e,
          chequers_serial_rivers_micro_c, chequers_serial_rivers_micro_e,
          chequers_serial_rivers_small_a, uniq_harold, uniq_maurice, uniq_joseph
Temple:   nicolae_temple_god_jail
Lair:1:   layout_hall_layers, grunt_megastairs_1
Lair:2:   layout_hall_layers, spider_nest_entry_rubble, serial_bayou_shore_a,
          grunt_megastairs_5, uniq_urug

Skill      XL: |  1  2  3  4  5  6  7  8  9 10 11 |
---------------+----------------------------------+-----
Fire Magic     | 4 5 6 7 8 10 | 10.9
Spellcasting   | 4 5 7 9 10 12 13 | 13.3
Conjurations   | 2 3 4 6 8 10 | 10.8
Stealth        | 3 4 5 |  5.2
Dodging        | 3 4 5 6 |  6.2
Fighting       | |  0.8
Unarmed Combat | |  0.1

Action                   |  1- 3 |  4- 6 |  7- 9 | 10-12 || total
-------------------------+-------+-------+-------+-------++-------
Melee: Unarmed           |       |     1 |     2 |       ||     3
 Cast: Flame Tongue      |    66 |    97 |   192 |    66 ||   421
       Throw Flame       |       |     3 |     6 |     8 ||    17
       Conjure Flame     |       |     1 |     6 |       ||     7
       Sticky Flame      |       |       |    32 |    15 ||    47
       Fireball          |       |       |     4 |    34 ||    38
  Use: Scroll            |       |       |     1 |       ||     1
  Eat: Chunk             |     2 |     8 |    10 |    10 ||    30
       Ration            |       |       |     2 |     1 ||     3
Armor: Robe              |     4 |     7 |    31 |     3 ||    45
Dodge: Dodged            |    17 |    24 |    73 |    15 ||   129

Table legend:
 A = Non-vault XP
 B = Vault XP
 C = Vault XP percentage of total XP
 D = Non-vault monster count
 E = Vault monster count
 F = Vault count percentage of total count
                 A         B        C        D         E       F
            +---------+---------+-------+---------+---------+-------
      Total |   13001 |    2753 |  17.5 |     189 |      25 |  11.7
            +---------+---------+-------+---------+---------+-------
        D:1 |      35 |       4 |  10.3 |      19 |       2 |   9.5
        D:2 |      52 |       0 |   0.0 |      19 |       0 |   0.0
        D:3 |     103 |       0 |   0.0 |      19 |       0 |   0.0
        D:4 |     330 |      36 |   9.8 |      18 |      10 |  35.7
        D:5 |     591 |     173 |  22.6 |      13 |       2 |  13.3
        D:6 |      78 |      35 |  31.0 |       3 |       1 |  25.0
        D:7 |    1581 |     623 |  28.3 |      23 |       3 |  11.5
        D:8 |    2716 |     903 |  25.0 |      38 |       5 |  11.6
        D:9 |    1061 |       0 |   0.0 |       6 |       0 |   0.0
       D:10 |    1255 |       0 |   0.0 |       7 |       0 |   0.0
     Lair:1 |    2355 |     128 |   5.2 |       9 |       1 |  10.0
     Lair:2 |    2844 |     851 |  23.0 |      15 |       1 |   6.2
            +---------+---------+-------+---------+---------+-------
